 Dungeon Crawl Stone Soup version 0.19.1 (webtiles) character file.

42 KingBobo974 the Skirmisher (level 3, 0/30 HPs)
             Began as a Demonspawn Berserker on Dec 10, 2016.
             Was a Believer of Trog.
             Succumbed to an adder's poison
             ... on level 2 of the Dungeon.
             The game lasted 00:02:32 (958 turns).

KingBobo974 the Skirmisher (Demonspawn Berserker)    Turns: 958, Time: 00:02:33

Health: 0/30       AC:  2    Str: 18    XL:     3   Next: 35%
Magic:  3/3        EV: 12    Int:  8    God:    Trog [**....]
Gold:   40         SH:  0    Dex: 12    Spells: 0 memorised, 2 levels left

rFire  . . .     SeeInvis .     a - +0 spear
rCold  . . .     Gourm    .     b - +0 animal skin
rNeg   . . .     Faith    .     (no shield)
rPois  .         Spirit   .     (helmet restricted)
rElec  .         Reflect  .     (no cloak)
rCorr  .         Harm     .     (no gloves)
MR     .....                    (no boots)
Stlth  +.........               (no amulet)
                                (no ring)
                                (no ring)

@: lethally poisoned (0 -> -8), hasted, very quick
A: horns 1, demonic guardian 1, sense surroundings 1, no device heal 1
a: Berserk, Trog's Hand, Burn Spellbooks, Renounce Religion


You were on level 2 of the Dungeon.
You worshipped Trog.
Trog was pleased with you.
You were not hungry.

You visited 1 branch of the dungeon, and saw 2 of its levels.

You collected 40 gold pieces.

Inventory:

Hand Weapons
 a - a +0 spear (weapon)
Armour
 b - a +0 animal skin (worn)
Scrolls
 d - 2 scrolls of magic mapping {unknown}
 i - a scroll of amnesia {unknown}
 j - a scroll of enchant armour {unknown}
Potions
 h - a potion of heal wounds {unknown}
Comestibles
 c - a bread ration
 f - a meat ration


   Skills:
 + Level 3.7 Fighting
 + Level 3.3 Polearms
 + Level 2.0 Armour
 - Level 1.7 Dodging
 + Level 0.2 Stealth


You had 2 spell levels left.
You didn't know any spells.

Dungeon Overview and Level Annotations

Branches:
Dungeon (2/15)

Altars:
Cheibriados


Innate Abilities, Weirdness & Mutations

A weak demonic guardian rushes to your aid.
You have a pair of small horns on your head.
You passively map a small area around you.
Potions and wands are less effective at restoring your health.


Message History

The adder poisons you! The adder bites you but does no damage.
You barely miss the adder.
The adder is almost dead.
* * * LOW HITPOINT WARNING * * *
You feel sick. The adder closely misses you.
You hit the adder.
You kill the adder!
Trog accepts your kill.
You can now call upon Trog for regeneration and protection from hostile enchantments.
Your Armour skill increases to level 2!
* * * LOW HITPOINT WARNING * * *
You feel sick.
It was a potion of mutation.
You feel extremely strange.
Your system partially rejects artificial healing.
You feel a strange attunement to the structure of the dungeons.
A pair of horns grows on your head!
* * * LOW HITPOINT WARNING * * *
You feel sick.
It was a potion of haste.
You feel yourself speed up.
You die...

.....##.# ##########
........# #........#
.....#######........###
...>..................
.....#######......).# *
* ##.### #........# #.#
#(.>.....# #)########*
#.# * #........# #@#
#........# #.#
#........# #.#
#........# #.#
#........# #.#
#........# #.#
#........# #.#
##.######## #.# †#.#
#.#


There were no monsters in sight!

Vanquished Creatures
  An adder (D:2)
  2 dart slugs (D:2)
  A leopard gecko (D:2)
  A bat (D:1)
  4 giant cockroaches (D:1)
  4 goblins
  2 hobgoblins (D:1)
  2 kobolds (D:1)
  3 quokkas (D:2)
  A ball python (D:1)
  2 frilled lizards (D:1)
  2 rats (D:1)
25 creatures vanquished.

Notes
Turn   | Place    | Note
-------+----------+-------------------------------------------
     0 | D:1      | KingBobo974 the Demonspawn Berserker began the quest for the Orb.
     0 | D:1      | Reached XP level 1. HP: 18/18 MP: 1/1
   177 | D:1      | Found a snail-covered altar of Cheibriados.
   244 | D:1      | Gained mutation: A weak demonic guardian rushes to your aid. [demonic ancestry]
   244 | D:1      | Reached XP level 2. HP: 24/24 MP: 2/2
   770 | D:2      | Found a faded altar of an unknown god.
   787 | D:2      | Reached XP level 3. HP: 24/29 MP: 3/3
   956 | D:2      | Reached ** piety under Trog
   957 | D:2      | Gained mutation: Potions and wands are less effective at restoring your health. [potion of mutation]
   957 | D:2      | Gained mutation: You passively map a small area around you. [potion of mutation]
   957 | D:2      | Gained mutation: You have a pair of small horns on your head. [potion of mutation]
   957 | D:2      | HP: 1/30 [poisoned by an adder]
   958 | D:2      | Succumbed to an adder's poison

Skill      XL: |  1  2  3 |
---------------+----------+-----
Polearms       | 3 |  3.3
Armour         | 2 |  2.0
Fighting       | |  3.7
Dodging        | |  1.7
Stealth        | |  0.2

Action                   || total
-------------------------++-------
Melee: Spear             ||   105
  Use: Potion            ||     2
 Stab: Sleeping          ||     4
Armor: Animal skin       ||    11
Dodge: Dodged            ||    39
